 Dungeon Crawl Stone Soup version 0.31-a0-1205-g5e5e916f41 (webtiles) character file.

Game seed: 10652224725073589686

164 GreatBamboolord the Magician (level 5, -4/29 HPs)
             Began as a Deep Elf Earth Elementalist on Dec 13, 2023.
             Slain by an orc
             ... wielding a +0 mace
              (7 damage)
             ... on level 4 of the Dungeon.
             The game lasted 00:06:32 (2857 turns).

GreatBamboolord the Magician (DEEE)                 Turns: 2857, Time: 00:06:33

Health: -4/29      AC:  3    Str:  4 (7)  XL:     5   Next: 21%
Magic:  4/13       EV: 18    Int: 20 (22) God:
Gold:   83         SH:  0    Dex: 13 (15) Spells: 6/12 levels left

rFire   . . .        u - +0 short sword of Efal {vamp, Str+2}
rCold   . . .        (no shield)
rNeg    . . .        o - +0 animal skin
rPois   .            p - +0 helmet
rElec   .            (no cloak)
rCorr   +            (no gloves)
SInv    .            (no boots)
Will    .....        (no amulet)
Stlth   +            g - +5 ring of evasion
HPRegen 0.24/turn    m - ring of resist corrosion
MPRegen 0.13/turn

%: no passive effects
@: confused
A: mutation resistance 1
a: no special abilities


You were on level 4 of the Dungeon.
You visited 1 branch of the dungeon, and saw 4 of its levels.

You collected 83 gold pieces.

Inventory:

Hand Weapons
 a - a +0 dagger
 u - the +0 short sword of Efal (weapon) {vamp, Str+2}
   (You found it on level 3 of the Dungeon)

   Str+2:     It affects your strength (+2).
Armour
 o - a +0 animal skin (worn)
 p - a +0 helmet (worn)
Jewellery
 g - a +5 ring of evasion (left hand)
 m - a ring of resist corrosion (right hand)
 r - a ring of see invisible
Wands
 n - a wand of flame (14)
Scrolls
 j - 2 scrolls of noise
 s - a scroll of poison
 v - 2 scrolls of immolation
Potions
 b - 2 potions of magic
 e - a potion of cancellation
 i - a potion of invisibility {unknown}
 l - a potion of brilliance
 t - a potion of ambrosia {unknown}


   Skills:
 + Level 1.0 Fighting
 + Level 3.1 Dodging
 + Level 3.3 Stealth
 * Level 4.4 Spellcasting
 * Level 1.2 Conjurations
 + Level 2.0 Transmutations
 * Level 4.3 Earth Magic


You had 6 spell levels left.
You knew the following spells:

 Your Spells              Type           Power      Damage    Failure   Level
a - Sandblast             Erth           42%        2d11      2%          1
b - Stone Arrow           Conj/Erth      30%        3d8       12%         3
c - Passwall              Tmut/Erth      14%        N/A       4%          2

Your spell library contained the following spells:

 Spells                   Type           Power      Damage    Failure   Level
 Apportation              Tloc           8%         N/A       12%         1
 Necrotise                Necr           16%        1d4       12%         1
 Summon Small Mammal      Summ           16%        N/A       12%         1
 Cigotuvi's Dreadful Rot  Necr/Pois/Air  8%         N/A       19%         2
 Petrify                  Tmut/Erth      17%        N/A       32%         4
 Brom's Barrelling Bould  Conj/Erth      15%        2d4       36%         4
 Dispel Undead            Necr           4%         3d7       77%         4
 Death Channel            Necr           2%         N/A       100%        6
 Chain Lightning          Conj/Air       3%         3d4       100%        9
 Fire Storm               Conj/Fire      3%         8d1       100%        9
 Shatter                  Erth           10%        3d12*     100%        9


Dungeon Overview and Level Annotations

Branches:
Dungeon (4/15)
 Temple: D:4-7

Altars:
Gozag

Shops:
D:1 *


Innate Abilities, Weirdness & Mutations

You are somewhat resistant to further mutation.


Message History

The orc wizard hits you with a +0 dagger.
The orc closely misses you. The orc hits you with a +0 mace.
Aiming: Sandblast (safe; 1% risk of failure)
Press: ? - help, Q - select action, (/) - cycle Shift-Dir - straight line, f/p - orc wizard
Aim: an orc wizard, wielding a +0 dagger and wearing a +2 robe of positive energy (severely wounded, 79% to hit)
The blast of sand hits the orc wizard.
The orc wizard is almost dead.
The orc closely misses you.
The orc wizard hits you with a +0 dagger.
The orc hits you but does no damage. The orc barely misses you.
Aiming: Sandblast (safe; 1% risk of failure)
Press: ? - help, Q - select action, (/) - cycle Shift-Dir - straight line, f/p - orc wizard
Aim: an orc wizard, wielding a +0 dagger and wearing a +2 robe of positive energy (almost dead, 79% to hit)
The blast of sand hits the orc wizard but does no damage.
The orc wizard is almost dead.
The orc hits you with a +1 antimagic flail.
The orc wizard hits you but does no damage.
The orc completely misses you. The orc misses you.
The orc wizard points at you and mumbles some strange words.
You are confused.
The orc barely misses you. The orc completely misses you.
The orc closely misses you.
Unknown command.
Okay, then.
You are too confused!
It was a potion of degeneration.
There was something very wrong with that liquid.
You feel weakened.
You feel dopey.
You feel clumsy.
The orc hits you with a +1 antimagic flail.
* * * LOW HITPOINT WARNING * * *
You feel your power leaking away. The orc completely misses you.
The orc hits you with a +0 dagger.
* * * LOW HITPOINT WARNING * * *
The orc wizard hits you but does no damage.
It was a potion of mutation.
You feel extremely strange.
You feel genetically stable.
The orc wizard points at you and mumbles some strange words.
The puff of flame misses you. The orc closely misses you.
The orc hits you with a +0 mace!
You die...

### ... .... .....
..(..#############+
.........(.........
......ooo..........
......o@...........
...................
.....#####.....##
.... #.....# ...
+.....+ ..
#.....#####+### .
#..............
#..............
#.............<


You could see an orc wizard and 3 orcs.

Vanquished Creatures
  Terence (D:2)
  Robin (D:2)
  6 adders
  2 worms
  2 dart slugs (D:3)
  7 orcs (D:3)
  3 ball pythons (D:3)
  5 bats
  3 endoplasms
  11 goblins
  8 hobgoblins
  2 quokkas
  A frilled lizard (D:1)
  A kobold (D:1)
  6 rats
59 creatures vanquished.

Vanquished Creatures (others)
  A goblin (D:2)
1 creature vanquished.

Grand Total: 60 creatures vanquished

Notes
Turn   | Place    | Note
-------+----------+-------------------------------------------
     0 | D:1      | GreatBamboolord the Deep Elf Earth Elementalist began the
                  | quest for the Orb.
     0 | D:1      | Reached XP level 1. HP: 10/10 MP: 6/6
    62 | D:1      | Found Lauceq's General Store.
   475 | D:1      | Reached XP level 2. HP: 15/15 MP: 5/8
  1029 | D:2      | Noticed Terence
  1043 | D:2      | Killed Terence
  1044 | D:2      | Reached XP level 3. HP: 10/20 MP: 0/10
  1407 | D:2      | Noticed Robin
  1411 | D:2      | Reached XP level 4. HP: 24/24 MP: 9/12
  1417 | D:2      | Killed Robin
  1774 | D:2      | Learned a level 3 spell: Stone Arrow
  1777 | D:2      | Learned a level 2 spell: Passwall
  1963 | D:3      | Found an opulent altar of Gozag.
  2070 | D:3      | Reached skill level 1 in Conjurations
  2097 | D:3      | Reached XP level 5. HP: 28/28 MP: 11/13
  2177 | D:3      | Reached skill level 1 in Fighting
  2397 | D:3      | Found a faded altar of an unknown god.
  2401 | D:3      | Identified the +0 short sword of Efal {vamp, Str+2}
  2857 | D:4      | Gained mutation: You are somewhat resistant to further
                  | mutation. [potion of mutation]
  2857 | D:4      | Slain by an orc

Illustrated notes

Levels and vault maps discovered:
D:1:      denvon_arrival_waterhouse, layout_basic, serial_shops,
          nicolae_shop_hallway_plus
D:2:      layout_loops_ring, uniq_terence, uniq_robin
D:3:      layout_basic, old_standard_altar, hellmonk_ecumenical_altar_blasted
D:4:      layout_gridville, mainiacjoe_sewer_entry_somewhere_in_here_1,
          dk_noncrumbling_3, nicolae_zen_rock_garden, hex_medium,
          nicolae_wormholes

Skill      XL: |  1  2  3  4  5 |
---------------+----------------+-----
Stealth        | 3 |  3.3
Dodging        | 3 |  3.1
Spellcasting   | 4 |  4.4
Earth Magic    | 4 |  4.3
Transmutations | 2 |  2.0
Conjurations   | 1 |  1.2
Fighting       | 1 |  1.0

Action                     |  1- 3 |  4- 6 || total
---------------------------+-------+-------++-------
  Melee: Dagger            |       |     1 ||     1
         Unarmed           |       |     1 ||     1
   Cast: Sandblast         |    34 |    56 ||    90
    Use: Potion            |     1 |     4 ||     5
         Scroll            |       |     7 ||     7
 Armour: Robe              |    10 |    14 ||    24
         Animal skin       |       |    19 ||    19
  Dodge: Dodged            |    10 |    27 ||    37

Table legend: (Time is in decaauts)
 A = Elapsed time spent in this place.
 B = Non-inter-level travel time spent in this place.
 C = Inter-level travel time spent in this place.
 D = Time resting spent in this place.
 E = Time spent auto-exploring this place.
 F = Levels seen in this place.
 G = Mean time per level.
                   A        B        C        D        E       F      G
               +--------+--------+--------+--------+--------+-----+--------+
         Total |   2900 |   2774 |    126 |    145 |   2169 |   4 |  725.0 |
       Dungeon |   2900 |   2774 |    126 |    145 |   2169 |   4 |  725.0 |
               +--------+--------+--------+--------+--------+-----+--------+

Top non-repeatable levels by time:
     D:2: 945 daAuts
     D:3: 940 daAuts
     D:1: 907 daAuts
     D:4: 105 daAuts
